 Dungeon Crawl Stone Soup version 0.16.2-12-gd0ad4c3 (webtiles) character file.

230 Peloso the Shield-Bearer (level 5, -2/47 HPs)
             Began as a Minotaur Fighter on Oct 18, 2015.
             Killed from afar by Ijyb (3 damage)
             ... with a wand of magic darts
             ... on level 4 of the Dungeon.
             The game lasted 00:07:42 (2753 turns).

Peloso the Shield-Bearer (Minotaur Fighter)         Turns: 2753, Time: 00:07:44

Health: -2/47      AC:  7    Str: 20    XL:     5   Next: 72%
Magic:  2/2        EV:  8    Int:  5    God:
Gold:   149        SH: 10    Dex: 11    Spells: 0 memorised, 4 levels left

rFire  . . .     SeeInvis .     a - +0 long sword
rCold  . . .     Clarity  .     b - +0 scale mail
rNeg   . . .     SustAb   .     c - +0 shield
rPois  .         Gourm    .     (helmet restricted)
rElec  .         Spirit   .     (no cloak)
rCorr  .         Warding  .     (no gloves)
rMut   .         Stasis   .     (no boots)
MR     .....                    q - amulet of inaccuracy (curse)
Stlth  ..........               (no ring)
                                (no ring)

@: not resistant to hostile enchantments, extremely unstealthy
A: retaliatory headbutt, horns 2
a: no special abilities


You were on level 4 of the Dungeon.
You were not hungry.

You visited 1 branch of the dungeon, and saw 4 of its levels.

You collected 149 gold pieces.

Inventory:

Hand weapons
 a - a +0 long sword (weapon)
 i - a cursed -1 short sword
Armour
 b - a +0 scale mail (worn)
 c - a +0 shield (worn)
Jewellery
 q - a cursed amulet of inaccuracy (around neck)
Scrolls
 f - a scroll of teleportation {unknown}
 g - 3 scrolls of identify {unknown}
 j - a scroll of remove curse {unknown}
 k - 2 scrolls of fog {unknown}
 m - a scroll of fear {unknown}
 p - 2 scrolls of enchant armour {unknown}
 r - 2 scrolls of enchant weapon {unknown}
Potions
 e - 2 potions of might
 l - 2 potions of restore abilities {unknown}
 n - 3 potions of curing {unknown}
Comestibles
 d - 3 bread rations
 h - 7 fruits
 o - 2 beef jerkies
 s - 3 chunks of flesh
 t - a slice of pizza


   Skills:
 + Level 4.6 Fighting
 + Level 2.9 Long Blades
 + Level 5.0 Armour
 + Level 2.5 Dodging
 + Level 5.1 Shields


You had 4 spell levels left.
You didn't know any spells.

Dungeon Overview and Level Annotations

Branches:
Dungeon (4/15)
 Temple: D:4-7

Altars:
Kikubaaqudgha
Ru
Yredelemnul

Annotations:
D:4 Ijyb


Innate Abilities, Weirdness & Mutations

You reflexively headbutt those who attack you in melee.
You have a pair of horns on your head.


Message History

Ijyb the Twisted Goblin comes into view.
Ijyb shouts!
Ijyb zaps a wand.
The magic dart hits you!
* * * LOW HITPOINT WARNING * * *
It is a wand of magic darts.
Ijyb zaps a wand.
The magic dart hits you!
* * * LOW HITPOINT WARNING * * *
You miss Ijyb. You headbutt Ijyb.
Ijyb is lightly wounded.
You block Ijyb's attack.
You miss Ijyb.
Ijyb is lightly wounded.
Ijyb hits you but does no damage.
Your shield prevents you from hitting Ijyb.
Your headbutt misses Ijyb.
Ijyb is lightly wounded.
Ijyb zaps a wand.
The magic dart hits you!
* * * LOW HITPOINT WARNING * * *
Ijyb zaps a wand.
The magic dart hits you!
You die...

..###..##.# ##.#
### #...#.# #..# #
##..#.######.#
######..#........#
#(......#######..#
#.####.########..#
...#.........##..##
<..#.#.####._##...#
.......# ##@.#
....)#.# #g...#
...#...# #.##.#
...#.#.# #.# .#
.###.#.# ..# # ..
..... ... .. .##.##
.#. .. . ... .. . .
.. . . .


You could see Ijyb.

Vanquished Creatures
  An ogre (D:4)
  5 adders
  A giant mite (D:3)
  3 worms
  2 giant geckos
  7 giant cockroaches
  7 hobgoblins
  8 jackals
  10 kobolds
  A ball python (D:1)
  13 bats
  4 giant newts
  7 goblins
  5 rats
74 creatures vanquished.

Vanquished Creatures (others)
  A human (D:2)
1 creature vanquished.

Grand Total: 75 creatures vanquished

Notes
Turn   | Place    | Note
--------------------------------------------------------------
     0 | D:1      | Peloso, the Minotaur Fighter, began the quest for the Orb.
     0 | D:1      | Reached XP level 1. HP: 19/19 MP: 1/1
   179 | D:1      | Reached XP level 2. HP: 27/27 MP: 1/1
   275 | D:1      | Reached skill level 4 in Armour
   411 | D:1      | You fall through a shaft!
   426 | D:2      | Found an ancient bone altar of Kikubaaqudgha.
   433 | D:2      | Reached XP level 3. HP: 28/33 MP: 2/2
   685 | D:2      | Noticed a human
   687 | D:2      | Killed a human
   795 | D:2      | Reached XP level 4. HP: 29/40 MP: 2/2
  2065 | D:3      | Reached skill level 1 in Dodging
  2305 | D:3      | Found a basalt altar of Yredelemnul.
  2565 | D:3      | Reached XP level 5. HP: 37/47 MP: 2/2
  2652 | D:4      | Noticed an ogre
  2667 | D:4      | HP: 1/47 [ogre/giant club (13)]
  2668 | D:4      | Killed an ogre
  2668 | D:4      | Reached skill level 5 in Armour
  2668 | D:4      | Reached skill level 5 in Shields
  2677 | D:4      | Found a sacrificial altar of Ru.
  2746 | D:4      | Noticed Ijyb
  2753 | D:4      | HP: 1/47 [Ijyb/wand of magic darts (3)]
  2753 | D:4      | Killed from afar by Ijyb

Action                   |  1- 3 |  4- 6 || total
-------------------------+-------+-------++-------
Melee: Long sword        |   103 |   105 ||   208
  Eat: Chunk             |       |     6 ||     6
